 Dungeon Crawl Stone Soup version 0.18.1-50-g88ac8fd (webtiles) character file.

3531 Quirk the Fighter (level 9, -6/85 HPs)
             Began as a Minotaur Fighter on Sept 29, 2016.
             Mangled by a hill giant
             ... wielding a +0 giant club
              (31 damage)
             ... on level 7 of the Dungeon.
             The game lasted 00:13:34 (7624 turns).

Quirk the Fighter (Minotaur Fighter)                Turns: 7624, Time: 00:13:34

Health: -6/85      AC:  1    Str: 26    XL:     9   Next: 82%
Magic:  8/8        EV: 16    Int:  5    God:
Gold:   418        SH: 12    Dex: 20    Spells: 0 memorised, 8 levels left

rFire  . . .     SeeInvis .     L - +0 hand axe (vamp)
rCold  + + .     Gourm    +     I - +0 leather armour of the Imp {Dex+6}
rNeg   . . .     Faith    .     c - +0 shield
rPois  .         Spirit   .     (helmet restricted)
rElec  .         Dismiss  .     K - +0 cloak (curse)
rCorr  .         Reflect  .     (no gloves)
SustAt .         Harm     .     (no boots)
MR     .....                    J - amulet "Gyun" {Gourm rC+ Str+3 Dex+3 Slay-3}
Stlth  ++........               y - ring of protection from fire
                                G - ring of ice

@: corroded, not resistant to hostile enchantments, unstealthy
A: retaliatory headbutt, horns 2
a: no special abilities


You were on level 7 of the Dungeon.
You were full.

You visited 2 branches of the dungeon, and saw 9 of its levels.
You also visited: Ossuary.

You collected 418 gold pieces.

Inventory:

Hand Weapons
 a - a +0 war axe
 i - a cursed -1 whip
 w - a +2 vampiric short sword
 L - a +0 vampiric hand axe (weapon)
 M - a +0 hand axe of freezing
Missiles
 n - 6 tomahawks (quivered)
Armour
 c - a +0 shield (worn)
 I - the +0 leather armour of the Imp (worn) {Dex+6}
   (You found it on level 7 of the Dungeon)

   It affects your dexterity (+6).
 K - a cursed +0 cloak (worn)
Jewellery
 p - an uncursed ring of teleportation
 s - an uncursed amulet of harm
 y - a ring of protection from fire (right hand)
 G - a ring of ice (left hand)
 J - the amulet "Gyun" (around neck) {Gourm rC+ Str+3 Dex+3 Slay-3}
   (You found it on level 6 of the Dungeon)

   [amulet of the gourmand]

   It allows you to eat raw meat even when not hungry.
   It affects your strength (+3).
   It affects your dexterity (+3).
   It affects your accuracy and damage with ranged weapons and melee attacks
   (-3).
   It protects you from cold.
Wands
 b - a wand of iceblast (8/15)
Scrolls
 h - 2 scrolls of immolation {unknown}
 j - 8 scrolls of identify
 l - 4 scrolls of remove curse
 r - a scroll of enchant armour {unknown}
 t - a scroll of noise {unknown}
 u - a scroll of magic mapping
 v - a scroll of fog {unknown}
 A - a scroll of blinking {unknown}
 C - 2 scrolls of fear {unknown}
 H - a scroll of amnesia {unknown}
 N - a scroll of recharging {unknown}
Potions
 d - 2 potions of might
 e - a potion of curing
 k - 2 potions of agility {unknown}
 o - 3 potions of haste {unknown}
 q - 2 potions of mutation {unknown}
 z - 3 potions of brilliance {unknown}
 B - 2 potions of degeneration {unknown}
 D - a potion of lignification {unknown}
 E - a potion of heal wounds {unknown}
 F - a potion of berserk rage {unknown}
Books
 x - a book of Battle

   Spells                             Type                      Level
   a - Infusion                       Charms                       1
   b - Shroud of Golubria             Charms/Translocation         2
   c - Song of Slaying                Charms                       2
   d - Spectral Weapon                Hexes/Charms                 3
   e - Regeneration                   Charms/Necromancy            3
Comestibles
 f - 4 bread rations
 g - 3 fruits
 m - 2 meat rations


   Skills:
 * Level 10.1 Fighting
 + Level 7.3 Axes
 + Level 7.3 Armour
 + Level 6.5 Dodging
 + Level 8.2 Shields


You had 8 spell levels left.
You didn't know any spells.

Dungeon Overview and Level Annotations

Branches:
Dungeon (8/15)             Temple (1/1) D:7
   Lair: D:8-11

Altars:
Ashenzari
Cheibriados
Elyvilon
Gozag
Kikubaaqudgha
Makhleb
Nemelex Xobeh
Pakellas
Qazlal
Ru
Sif Muna
Trog
Vehumet
Xom
Yredelemnul
The Shining One

Annotations:
D:8 Erica


Innate Abilities, Weirdness & Mutations

You reflexively headbutt those who attack you in melee.
You have a pair of horns on your head.


Message History

The hill giant is lightly wounded.
You block the jelly's attack.
The hill giant hits you with a giant club!!!
Unknown command.
You hit the hill giant.
You feel better.
The hill giant is lightly wounded.
You hit the jelly but do no damage. The acid corrodes you!
Your hands burn!
The jelly is severely wounded.
You block the jelly's attack.
Unknown command.
Unknown command.
You hit the jelly.
Your hands burn!
* * * LOW HITPOINT WARNING * * *
You headbutt the jelly, but do no damage.
The jelly is almost dead.
You hit the hill giant but do no damage.
The hill giant is lightly wounded.
You block the jelly's attack.
The hill giant hits you with a giant club!!
You die...

###############
#...J.........#######
#########..C@†...............
#..........##.....####.######
#.########.##.###.# #.#
#.##..)###.##.# #.# #.######
#.##[.))...##.# #.# #.......
#.##..)######.# #.# ########
#.###.## #.# #.# #.# #.# #.#
#.# #.# #.# #.###.## ##


You could see a hill giant and a jelly.

Vanquished Creatures
  The ghost of Christof the Covered, an amateur MiFi (D:5)
  A wraith (Ossuary)
  Duvessa (D:5)
  2 water moccasins (D:6)
  2 orc warriors (D:7)
  3 phantoms
  4 ogres
  A centaur (D:6)
  A big kobold (D:7)
  2 giant frogs
  Dowan (D:5)
  2 scorpions
  6 killer bees (D:7)
  2 crimson imps (D:6)
  3 hounds
  A human zombie (Ossuary)
  2 jellies (D:5)
  6 orc wizards
  A giant frog skeleton (D:4)
  9 orc priests
  Terence (D:2)
  7 worker ants
  A big kobold zombie (Ossuary)
  3 mummies (Ossuary)
  2 hound skeletons (D:7)
  11 gnolls
  13 adders
  2 shadow imps (D:6)
  2 oozes
  An adder skeleton (D:4)
  4 worms
  3 dart slugs
  5 giant geckos
  21 orcs
  A ball python (D:3)
  9 giant cockroaches
  8 goblins
  4 hobgoblins
  12 jackals
  5 quokkas
  4 bats
  A giant newt (D:2)
  A gnoll zombie (Ossuary)
  4 goblin zombies (Ossuary)
  4 hobgoblin zombies (Ossuary)
  A jackal zombie (D:6)
  7 kobolds
  A kobold zombie (Ossuary)
  9 rats
198 creatures vanquished.

Vanquished Creatures (others)
  A hobgoblin zombie (Ossuary)
1 creature vanquished.

Grand Total: 199 creatures vanquished

Notes
Turn   | Place    | Note
--------------------------------------------------------------
     0 | D:1      | Quirk the Minotaur Fighter began the quest for the Orb.
     0 | D:1      | Reached XP level 1. HP: 19/19 MP: 0/0
   236 | D:1      | Reached XP level 2. HP: 20/26 MP: 1/1
   412 | D:1      | Reached skill level 1 in Dodging
   648 | D:1      | Reached XP level 3. HP: 33/33 MP: 2/2
   755 | D:2      | Reached skill level 4 in Fighting
   762 | D:2      | Reached XP level 4. HP: 17/40 MP: 3/3
   943 | D:2      | Found a snail-covered altar of Cheibriados.
  1259 | D:2      | Found a radiant altar of Vehumet.
  1633 | D:2      | Noticed Terence
  1644 | D:2      | Killed Terence
  1644 | D:2      | Reached XP level 5. HP: 30/47 MP: 4/4
  2122 | D:3      | Found a stormy altar of Qazlal.
  2404 | D:3      | Reached skill level 5 in Fighting
  2709 | D:4      | Reached skill level 5 in Shields
  2714 | D:4      | Reached XP level 6. HP: 52/56 MP: 5/5
  3185 | D:4      | Found an opulent altar of Gozag.
  3502 | D:4      | Reached skill level 6 in Fighting
  3502 | D:4      | Reached XP level 7. HP: 38/63 MP: 6/6
  3914 | D:5      | Entered Level 5 of the Dungeon
  4020 | D:5      | Reached skill level 5 in Axes
  4020 | D:5      | Reached skill level 5 in Armour
  4074 | D:5      | Noticed Dowan
  4075 | D:5      | Noticed Christof's ghost (amateur MiFi)
  4076 | D:5      | Noticed Duvessa
  4085 | D:5      | Killed Duvessa
  4085 | D:5      | Reached skill level 7 in Fighting
  4087 | D:5      | Killed Dowan
  4100 | D:5      | Killed Christof's ghost
  4100 | D:5      | Reached XP level 8. HP: 52/73 MP: 7/7
  4130 | D:5      | Found a sand-covered staircase.
  4139 | Ossuary  | Entered an ossuary
  4510 | Ossuary  | Reached skill level 8 in Fighting
  5261 | D:6      | Reached skill level 5 in Dodging
  5619 | D:6      | Reached XP level 9. HP: 69/82 MP: 8/8
  5658 | D:6      | Reached skill level 9 in Fighting
  5763 | D:6      | Got a coiled lead amulet
  5764 | D:6      | Identified the amulet "Gyun" {Gourm rC+ Str+3 Dex+3 Slay-3} (You found it on level 6 of the Dungeon)
  6171 | D:7      | Found a staircase to the Ecumenical Temple.
  6199 | D:7      | HP: 3/84 [killer bee (8)]
  6523 | Temple   | Entered the Ecumenical Temple
  6861 | D:7      | Got a spiked leather armour
  6910 | D:7      | Identified the +0 leather armour of the Imp {Dex+6} (You found it on level 7 of the Dungeon)
  6977 | D:7      | Reached skill level 10 in Fighting
  7616 | D:8      | Noticed a hill giant
  7619 | D:8      | Noticed Erica
  7624 | D:7      | Mangled by a hill giant

Skill      XL: |  1  2  3  4  5  6  7  8  9 |
---------------+----------------------------+-----
Dodging        | 1 2 3 4 5 6 |  6.5
Shields        | 4 5 6 7 8 |  8.2
Axes           | 3 4 5 6 7 |  7.3
Fighting       | 4 5 6 7 8 10 | 10.1
Armour         | 4 5 6 7 |  7.3

Action                   |  1- 3 |  4- 6 |  7- 9 || total
-------------------------+-------+-------+-------++-------
Melee: War axe           |    93 |   174 |   387 ||   654
       Headbutt          |     5 |    35 |    88 ||   128
       Hand axe          |       |       |    14 ||    14
  Use: Scroll            |       |       |     6 ||     6
       Potion            |       |       |     3 ||     3
  Eat: Chunk             |       |     9 |    19 ||    28
       Meat ration       |       |       |     1 ||     1
       Beef jerky        |       |       |     1 ||     1
Armor: Scale mail        |    52 |    71 |   114 ||   237
       Leather armour    |       |       |     3 ||     3
Dodge: Dodged            |    31 |    58 |   152 ||   241
Block: Shield            |    42 |    92 |   232 ||   366
